 Dungeon Crawl Stone Soup version 0.32-a0-953-g508020473e (webtiles) character file.

Game seed: 2049221892269546269

317 spaghetti the Insei (level 6, 0/47 HPs)
             Began as a Demonspawn Chaos Knight on Apr 17, 2024.
             Was a Plaything of Xom.
             Slain by an orc warrior
             ... wielding a +0 long sword
              (2 damage)
             ... on level 6 of the Dungeon.
             The game lasted 00:05:01 (3162 turns).

spaghetti the Insei (Demonspawn Chaos Knight)       Turns: 3162, Time: 00:05:02

Health: 0/47       AC:  6    Str: 12    XL:     6   Next: 20%
Magic:  6/6        EV: 10    Int: 12    God:    Xom [*.....]
Gold:   260        SH:  0    Dex: 15    Spells: 5/5 levels left

rFire   . .          .
                       - Unarmed
rCold   . . .        (no shield)
rNeg    . . .        a - +2 leather armour
rPois   .            i - +0 helmet
rElec   .            (no cloak)
rCorr   .            (no gloves)
SInv    .            (no boots)
Will    .....        (no amulet)
Stlth   +            (no ring)
HPRegen 0.27/turn    (no ring)
MPRegen 0.10/turn

%: no passive effects
@: confused
A: large bone plates 2, weakness stinger 1
a: Renounce Religion


You were on level 6 of the Dungeon.
You worshipped Xom.
You were a special plaything of Xom.
You visited 1 branch of the dungeon, and saw 8 of its levels.

You collected 260 gold pieces.

Inventory:

Armour
 a - a +2 leather armour (worn)
 i - a +0 helmet (worn)
Scrolls
 h - a scroll of noise


   Skills:
 - Level 3.0 Fighting
 - Level 1.7 Armour
 - Level 0.8 Dodging
 + Level 6.4 Unarmed Combat


You had 5 spell levels left.
You didn't know any spells.
Your spell library was empty.

Dungeon Overview and Level Annotations

Branches:
Dungeon (8/15)
 Temple: D:4-7         Lair: D:8-11

Altars:
Qazlal

Shops:
D:2 [

Annotations:
D:3 Grinder


Innate Abilities, Weirdness & Mutations

You are mostly covered in large bone plates. (SH +6)
You have a small tail.


Message History

You barely miss the orc warrior. The orc warrior barely misses you.
The orc hits you but does no damage.
You feel less confused. The orc attacks as it pursues you!
The orc hits you with a +0 whip.
Found a glowing hat.
There is a stone staircase leading up here.
You hear Xom's maniacal laughter.
Your body is wracked with pain!
The orc warrior hits you with a +0 long sword!
* * * LOW HITPOINT WARNING * * *
You climb upwards.
Found a leather armour.
There is a stone staircase leading down here.
Unknown command.
Okay, then.
Blink to where?
Press: ? - help, Dir - move target
Found a club.
As you read the scroll of blinking, it crumbles to dust.
Unknown command.
The orc warrior shouts!
You enter the shallow water.
Moving in this stuff is going to be slow.
The sky beast flickers out of sight!
Deactivating autopickup; reactivate with Ctrl-A.
Something hits you but does no damage. "Heh heh heh..."
You are confused.
Something hits you.
* * * LOW HITPOINT WARNING * * *
Something shocks you.
* * * LOW HITPOINT WARNING * * *
The orc warrior closely misses you.
You miss the orc warrior. Something hits you.
* * * LOW HITPOINT WARNING * * *
Something shocks you.
* * * LOW HITPOINT WARNING * * *
The orc warrior hits you with a +0 long sword.
You die...
Xom laughs nastily!

.............#..
.............#..
....)........>..
................
................ ...#
#.........# ###
...#.#...#..###.
####.###.###.###.#......
##..#...@.#.....#.....#..
#......o{s#######.......#
##........~≈≈≈≈≈~.......#
####..##.#######.......#
#......#.....#.....###
###..#.###.###.....#
#.......#.#...##.##
###...##.#.#.#.####
#................#


You could see an orc warrior and a scorpion.

Vanquished Creatures
  2 bullfrogs
  A bombardier beetle (D:3)
  An iguana (D:6)
  2 gnolls
  2 adders
  A white imp (D:7)
  4 dart slugs
  2 ribbon worms (D:2)
  5 endoplasms
  5 giant cockroaches
  3 goblins
  10 hobgoblins
  5 jackals (D:2)
  4 kobolds
  A quokka (D:2)
  5 ball pythons
  7 bats
  A frilled lizard (D:2)
  7 rats
68 creatures vanquished.

Notes
Turn   | Place    | Note
-------+----------+-------------------------------------------
     0 | D:1      | spaghetti the Demonspawn Chaos Knight began the quest for
                  | the Orb.
     0 | D:1      | Reached XP level 1. HP: 18/18 MP: 1/1
    45 | D:1      | XOM: divination: detect items
    70 | D:1      | Reached skill level 3 in Unarmed Combat
   161 | D:1      | XOM: divination: magic mapping
   218 | D:1      | XOM: silly message
   284 | D:1      | Gained mutation: You are partially covered in large bone
                  | plates. (SH +4) [demonic ancestry]
   284 | D:1      | Reached XP level 2. HP: 18/24 MP: 2/2
   289 | D:1      | XOM: silly message
   357 | D:1      | XOM: noise
   390 | D:1      | XOM: divination: magic mapping
   581 | D:1      | Gained mutation: You are mostly covered in large bone
                  | plates. (SH +6) [demonic ancestry]
   581 | D:1      | Reached XP level 3. HP: 29/29 MP: 3/3
   781 | D:1      | Noticed an ogre
   850 | D:2      | Reached skill level 4 in Unarmed Combat
  1159 | D:2      | XOM: noise
  1272 | D:2      | Reached XP level 4. HP: 22/35 MP: 4/4
  1281 | D:2      | XOM: silly message
  1440 | D:2      | XOM: divination: detect items
  1545 | D:2      | Found a faded altar of an unknown god.
  1749 | D:2      | Found Dihorhan's Armour Boutique.
  2011 | D:3      | XOM: 1-stop teleportation journey
  2283 | D:3      | Reached skill level 5 in Unarmed Combat
  2387 | D:3      | XOM is BORED!
  2512 | D:3      | Gained mutation: You have a small tail. [demonic ancestry]
  2512 | D:3      | Reached XP level 5. HP: 27/41 MP: 5/5
  2533 | D:3      | Noticed Grinder
  2537 | D:3      | XOM: butterfly on damage
  2542 | D:3      | XOM: torment (9/41 hp)
  2545 | D:3      | XOM: enchant monster (bad)
  2570 | D:3      | Paralysed by something for 2 turns
  2612 | D:5      | Entered Level 5 of the Dungeon
  2612 | D:5      | XOM: noise
  2618 | D:5      | XOM: silly message
  2624 | D:6      | Noticed an ice beast
  2629 | D:5      | Found a stormy altar of Qazlal.
  2629 | D:5      | Noticed a black bear
  2629 | D:5      | XOM: 2-stop teleportation journey
  2637 | D:5      | You fall into a shaft and drop 2 floors!
  2876 | D:7      | XOM: draining
  2901 | D:7      | XOM: scenery: summon butterflies
  2999 | D:7      | Reached skill level 6 in Unarmed Combat
  2999 | D:7      | Reached XP level 6. HP: 38/47 MP: 6/6
  3112 | D:6      | Noticed an orc warrior
  3121 | D:6      | XOM: confusion
  3132 | D:7      | XOM: torment (18/47 hp)
  3133 | D:6      | Noticed a sky beast
  3161 | D:6      | XOM: confusion
  3162 | D:6      | HP: 2/47 [something (5)]
  3162 | D:6      | Slain by an orc warrior

Illustrated notes

Levels and vault maps discovered:
D:1:      evilmike_arrival_come_back, layout_basic
D:2:      minmay_inner_zag, layout_basic, basic_ecumenical_altar, serial_shops,
          nicolae_shop_waterfront, nicolae_titane
D:3:      layout_basic, serial_corexii_hall, corexii_hall_statues_x,
          chequers_hall_statues_wall_a, kennysheep_cross_room, uniq_grinder
D:4:      layout_loops_ring, minmay_temple_entry_gardened_gates, serial_shops,
          nicolae_shop_window_shopping, kennysheep_cluttered_room
D:5:      layout_basic, grunt_temple_overflow_forces_of_nature,
          nicolae_overflows_in_rows, gup_sewer_entry_glass
D:6:      layout_cave_pools, serial_column_ruins, column_ruins_open_small,
          column_ruins_columns_straight, column_ruins_grid_3,
          column_ruins_open_tiny, grunt_decor_cap,
          amcnicky_mini_corridor_feature
D:7:      layout_layer_cave
D:8:      layout_loops_corners

Skill      XL: |  1  2  3  4  5 |
---------------+----------------+-----
Unarmed Combat | 3 4 5 6 |  6.4
Fighting       | |  3.0
Armour         | |  1.7
Dodging        | |  0.8

Action                     |  1- 3 |  4- 6 || total
---------------------------+-------+-------++-------
  Melee: Unarmed           |   140 |   125 ||   265
         Punch             |     1 |     1 ||     2
         Tailslap          |       |     5 ||     5
    Use: Scroll            |     2 |     6 ||     8
         Potion            |     1 |     4 ||     5
   Stab: Sleeping          |     1 |     1 ||     2
 Armour: Leather armour    |    71 |    78 ||   149
  Dodge: Dodged            |    59 |    44 ||   103
  Block: Other             |    24 |    26 ||    50

Table legend: (Time is in decaauts)
 A = Elapsed time spent in this place.
 B = Non-inter-level travel time spent in this place.
 C = Inter-level travel time spent in this place.
 D = Time resting spent in this place.
 E = Time spent auto-exploring this place.
 F = Levels seen in this place.
 G = Mean time per level.
                   A        B        C        D        E       F      G
               +--------+--------+--------+--------+--------+-----+--------+
         Total |   3141 |   3053 |     88 |    312 |   2026 |   8 |  392.6 |
       Dungeon |   3141 |   3053 |     88 |    312 |   2026 |   8 |  392.6 |
               +--------+--------+--------+--------+--------+-----+--------+

Top non-repeatable levels by time:
     D:2: 1132 daAuts
     D:1: 798 daAuts
     D:3: 653 daAuts
     D:7: 401 daAuts
     D:8: 77 daAuts
     D:6: 45 daAuts
     D:5: 23 daAuts
     D:4: 8 daAuts
